 Dungeon Crawl Stone Soup version 0.30-a0-857-gcaf70739d4 (webtiles) character file.

Game seed: 12826908562529808097

14 elagabalus the Ruffian (level 2, 29/29 HPs)
             Began as a Troll Monk on Mar 6, 2023.
             Quit the game on level 1 of the Dungeon.
             The game lasted 00:03:18 (326 turns).

elagabalus the Ruffian (Troll Monk)                  Turns: 326, Time: 00:03:19

Health: 29/29      AC:  4    Str: 18    XL:     2   Next: 31%
Magic:  1/1        EV: 10    Int:  6    God:
Gold:   0          SH:  0    Dex: 12    Spells: 1/1 levels left

rFire   . . .      SeeInvis .      - Unarmed
rCold   . . .      Faith    .    (no shield)
rNeg    . . .      Spirit   .    a - +0 robe
rPois   .          Reflect  .    (helmet restricted)
rElec   .          Rampage  .    (no cloak)
rCorr   .                        (gloves unavailable)
Will    .....                    (boots unavailable)
Stlth   ++                       (no amulet)
HPRegen 1.04/turn                (no ring)
MPRegen 0.07/turn                (no ring)

@: no status effects
A: large, unfitting armour, claws 3, regeneration 1, shaggy fur 1, tough skin 1
a: no special abilities


You were on level 1 of the Dungeon.
You visited 1 branch of the dungeon, and saw 1 of its levels.

Inventory:

Armour
 a - a +0 robe (worn)
Scrolls
 c - 2 scrolls of fear {unknown}
 e - 3 scrolls of immolation {unknown}
 f - 2 scrolls of fog {unknown}
 g - a scroll of enchant weapon {unknown}
Potions
 b - a potion of ambrosia
 d - a potion of berserk rage {unknown}
 h - a potion of curing {unknown}


   Skills:
 - Level 2.4 Fighting
 - Level 2.4 Dodging
 - Level 1.0 Stealth
 * Level 3.8 Unarmed Combat


You had one spell level left.
You didn't know any spells.
Your spell library was empty.

Dungeon Overview and Level Annotations

Branches:
Dungeon (1/15)

Altars:


Innate Abilities, Weirdness & Mutations

You are too large for most types of armour.
You have claws for hands.
Your natural rate of healing is unusually fast.
You are covered in fur. (AC +1)
You have tough skin. (AC +1)


Message History

You see here a hobgoblin corpse.
You see here a hobgoblin corpse.
A hobgoblin comes into view.
A quokka comes into view.
The quokka bites you but does no damage.
You closely miss the quokka. The quokka bites you.
You scratch the quokka.
The quokka is almost dead.
The quokka bites you.
You closely miss the quokka.
The quokka is almost dead.
The quokka bites you but does no damage.
You scratch the quokka.
You kill the quokka!
You have reached level 2!
You scratch the hobgoblin.
The hobgoblin is heavily wounded.
The hobgoblin barely misses you.
You claw the hobgoblin!
You kill the hobgoblin!
You see here a hobgoblin corpse.
Found a scroll labelled XUACEI POTO.
f - 2 scrolls labelled XUACEI POTO (gained 1)
A dart slug comes into view.
The dart slug launches a dart at you. The slug dart hits you.
The dart slug bites you but does no damage.
You scratch the dart slug.
The dart slug is severely wounded.
The dart slug barely misses you.
You claw the dart slug!
You kill the dart slug!
You see here a dart slug corpse.
A giant cockroach comes into view.
The helpless giant cockroach fails to defend itself.
You claw the giant cockroach!
You kill the giant cockroach!
Found a runed dagger.
You see here a +2 dagger of draining.
Are you sure you want to abandon this character and quit the game? (Confirm with "yes".)

#####..# #..#.##.# #.##.#
#.# .......# #.#.###.#
#.##.# #.# ###...## #.#†#
#.####.##.###.## #.#.#
##....##........†......
#....
...............##.###..#
#..###.###....##########.#
##.# #...#.## #.# #.#
##....#### ###.# #.#
#....@..# #...# #.#
#.##.##.# #.### #.#
..##.##.#####.######.#
#....#................
.#..........#######. #
.####..####### #.
#...####..# #. ##.......#
#. ....####..##### #.


There were no monsters in sight!

Vanquished Creatures
  A dart slug (D:1)
  2 bats (D:1)
  A giant cockroach (D:1)
  3 hobgoblins (D:1)
  A quokka (D:1)
  2 ball pythons (D:1)
  A rat (D:1)
11 creatures vanquished.

Notes
Turn   | Place    | Note
-------+----------+-------------------------------------------
     0 | D:1      | elagabalus the Troll Monk began the quest for the Orb.
     0 | D:1      | Reached XP level 1. HP: 22/22 MP: 0/0
   213 | D:1      | Reached XP level 2. HP: 28/29 MP: 1/1
   326 | D:1      | Quit the game

Illustrated notes

Levels and vault maps discovered:
D:1:      wander_arrival_estate, layout_loops_ring, minmay_misc_feat_roman

Action                     || total
---------------------------++-------
  Melee: Unarmed           ||    26
   Stab: Sleeping          ||     1
 Armour: Robe              ||    11
  Dodge: Dodged            ||    14

Table legend: (Time is in decaauts)
 A = Elapsed time spent in this place.
 B = Non-inter-level travel time spent in this place.
 C = Inter-level travel time spent in this place.
 D = Time resting spent in this place.
 E = Time spent auto-exploring this place.
 F = Levels seen in this place.
 G = Mean time per level.
                   A        B        C        D        E       F      G
               +--------+--------+--------+--------+--------+-----+--------+
         Total |    325 |    114 |    211 |      0 |      0 |   1 |  325.0 |
       Dungeon |    325 |    114 |    211 |      0 |      0 |   1 |  325.0 |
               +--------+--------+--------+--------+--------+-----+--------+

Top non-repeatable levels by time:
     D:1: 325 daAuts
